 Dungeon Crawl Stone Soup version 0.19-a0-1260-gc94d3f7 (webtiles) character file.

53881 Amnesiac the Fighter (level 14, -2/96 HPs)
             Began as a Deep Elf Wizard on Aug 28, 2016.
             Was the Champion of Ashenzari.
             Slain by an anaconda (18 damage)
             ... on level 1 of the Snake Pit.
             The game lasted 01:02:20 (22103 turns).

Amnesiac the Fighter (Deep Elf Wizard)             Turns: 22103, Time: 01:02:21

Health: -2/96      AC: 13    Str:  4    XL:     14   Next: 32%
Magic:  0/29       EV: 29    Int: 27    God:    Ashenzari [******]
Gold:   2654       SH: 10    Dex: 20    Spells: 8 memorised, 1 level left

rFire  + . .     SeeInvis +     w - +1 spear (distort) (curse)
rCold  . . .     Gourm    .     t - +1 robe of Dooptova {rElec rPois rN+ MR+} (curse)
rNeg   + . .     Faith    .     y - +3 buckler (curse)
rPois  +         Spirit   +     b - +0 helmet
rElec  +         Dismiss  .     q - +2 cloak (curse)
rCorr  .         Reflect  .     N - +2 pair of gloves (curse)
MR     ++...     Harm     .     F - +0 pair of boots (curse)
Stlth  +++++..... Clarity  +    M - amulet of guardian spirit (curse)
                                D - ring of protection from fire
                                E - +2 ring of protection (curse)

@: agile, lethally poisoned (-2 -> -3), about to teleport
A: claws 1, repulsion field 1, camouflage 1
a: Curse Item, Scrying, Transfer Knowledge, Renounce Religion


You were on level 1 of the Snake Pit.
You worshipped Ashenzari.
Ashenzari was exalted by your worship.
You were hungry.

You visited 6 branches of the dungeon, and saw 22 of its levels.
You also visited: Ice Cave.

You collected 2736 gold pieces.
You spent 82 gold pieces at shops.

Inventory:

Hand Weapons
 w - a cursed +1 spear of distortion (weapon)
Armour
 b - a +0 helmet (worn)
 d - a +1 pair of boots
 q - a cursed +2 cloak (worn)
 t - the cursed +1 robe of Dooptova (worn) {rElec rPois rN+ MR+}
   (You took it off an orc on level 4 of the Dungeon)

   It insulates you from electricity.
   It protects you from poison.
   It protects you from negative energy.
   It affects your resistance to hostile enchantments.
   It has a curse placed upon it.
 y - a cursed +3 buckler (worn)
 F - a cursed +0 pair of boots (worn)
 N - a cursed +2 pair of gloves (worn)
Jewellery
 v - the ring "Woext" {Ice MR+ Dex-4 Slay+4}
   (You found it in an ice cave)

   [ring of ice]

   It enhances your ice magic.
   It affects your dexterity (-4).
   It affects your accuracy and damage with ranged weapons and melee attacks
   (+4).
   It makes you vulnerable to fire.
   It protects you from cold.
   It affects your resistance to hostile enchantments.
 D - a ring of protection from fire (right hand)
 E - a cursed +2 ring of protection (left hand)
 M - a cursed amulet of guardian spirit (around neck)
 S - an uncursed ring of positive energy
 X - an uncursed ring of wizardry
 Y - an uncursed ring of resist corrosion
Wands
 R - a wand of acid (5/15)
 U - a wand of lightning (3/15)
 V - a wand of hasting (2/9)
Scrolls
 a - a scroll of identify
 e - a scroll of blinking
 i - 2 scrolls of amnesia
 k - 3 scrolls of immolation
 o - 2 scrolls of enchant armour
 p - 3 scrolls of recharging
 H - 2 scrolls of magic mapping
 O - 5 scrolls of remove curse
Potions
 g - a potion of resistance
 l - 2 potions of might
 m - 2 potions of cancellation
 n - 4 potions of flight
 r - 7 potions of curing
 u - 3 potions of agility
 z - 3 potions of heal wounds
 A - 2 potions of berserk rage
 B - 2 potions of haste
 G - 2 potions of brilliance
 Q - a potion of lignification
Books
 c - a book of Minor Magic

   Spells                             Type                      Level
   a - Magic Dart                     Conjuration                  1
   b - Blink                          Translocation                2
   c - Call Imp                       Summoning                    2
   d - Repel Missiles                 Charms/Air                   2
   e - Slow                           Hexes                        2
   f - Conjure Flame                  Conjuration/Fire             3
   g - Mephitic Cloud                 Conjuration/Poison/Air       3
 j - a book of Frost

   Spells                             Type                      Level
   a - Freeze                         Ice                          1
   b - Throw Frost                    Conjuration/Ice              2
   c - Ozocubu's Armour               Charms/Ice                   3
   d - Throw Icicle                   Conjuration/Ice              4
   e - Summon Ice Beast               Ice/Summoning                4
 x - a book of the Warp

   Spells                             Type                      Level
   a - Gell's Gravitas                Hexes/Translocation          3
   b - Force Lance                    Conjuration/Translocation    4
   c - Summon Forest                  Summoning/Translocation      5
   d - Dispersal                      Translocation                6
   e - Controlled Blink               Translocation                8
   f - Disjunction                    Translocation                8
 K - a book of Flames

   Spells                             Type                      Level
   a - Flame Tongue                   Conjuration/Fire             1
   b - Throw Flame                    Conjuration/Fire             2
   c - Conjure Flame                  Conjuration/Fire             3
   d - Inner Flame                    Hexes/Fire                   3
   e - Sticky Flame                   Conjuration/Fire             4
   f - Fireball                       Conjuration/Fire             5
 L - a book of the Earth

   Spells                             Type                      Level
   a - Leda's Liquefaction            Hexes/Earth                  4
   b - Bolt of Magma                  Conjuration/Fire/Earth       5
   c - Statue Form                    Transmutation/Earth          6
   d - Iron Shot                      Conjuration/Earth            6
   e - Shatter                        Earth                        9
 P - a book of Unlife

   Spells                             Type                      Level
   a - Recall                         Summoning/Translocation      3
   b - Animate Dead                   Necromancy                   4
   c - Control Undead                 Necromancy                   4
   d - Cigotuvi's Embrace             Necromancy                   5
   e - Death Channel                  Necromancy                   6
   f - Simulacrum                     Ice/Necromancy               6
 T - a book of Battle

   Spells                             Type                      Level
   a - Infusion                       Charms                       1
   b - Shroud of Golubria             Charms/Translocation         2
   c - Song of Slaying                Charms                       2
   d - Spectral Weapon                Hexes/Charms                 3
   e - Regeneration                   Charms/Necromancy            3
 Z - Daer's Papyrus of Torrid Dislocation
   (You found it on level 4 of the Lair of Beasts)

   Spells                             Type                      Level
   a - Apportation                    Translocation                1
   b - Throw Flame                    Conjuration/Fire             2
   c - Conjure Flame                  Conjuration/Fire             3
   d - Inner Flame                    Hexes/Fire                   3
   e - Recall                         Summoning/Translocation      3
   f - Portal Projectile              Translocation                3
   g - Force Lance                    Conjuration/Translocation    4
Comestibles
 f - 14 fruits
 h - 9 beef jerkies
 s - 10 meat rations
 C - 5 bread rations
 J - 11 slices of pizza
 W - 4 chunks of flesh


   Skills:
 - Level 14.2 Fighting
 - Level 9.0(13.3) Polearms
 - Level 9.2(12.1) Dodging
 - Level 2.4(4.8) Stealth
 - Level 4.7(7.6) Shields
 - Level 9.0 Spellcasting
 - Level 6.6(9.7) Conjurations
 - Level 4.2(7.1) Charms
   Level 1.1(2.9) Summonings
 - Level 5.0(8.0) Translocations
 + Level 5.4(8.4) Fire Magic


You had one spell level left.
You knew the following spells:

 Your Spells              Type           Power        Failure   Level  Hunger
a - Repel Missiles        Chrm/Air       ####..       1%          2    None
b - Blink                 Tloc           N/A          1%          2    None
d - Controlled Blink      Tloc           N/A          100%        8    #######
e - Mephitic Cloud        Conj/Pois/Air  ####....     3%          3    None
f - Bolt of Fire          Conj/Fire      ######....   21%         6    ######.
r - Regeneration          Chrm/Necr      ####......   2%          3    None
s - Conjure Flame         Conj/Fire      ######..     1%          3    None
w - Spectral Weapon       Hex/Chrm       ####....     2%          3    None


Dungeon Overview and Level Annotations

Branches:
Dungeon (11/15)            Temple (1/1) D:6            Lair (6/6) D:8
 Shoals (0/4) Lair:2        Snake (1/4) Lair:2        Slime (0/5) Lair:6
    Orc (2/2) D:10            Elf (1/3) Orc:2

Altars:
Ashenzari
Cheibriados
Dithmenos
Elyvilon
Fedhas
Gozag
Hepliaklqana
Kikubaaqudgha
Makhleb
Nemelex Xobeh
Okawaru
Qazlal
Ru
Sif Muna
Trog
Uskayaw
Vehumet
Xom
Yredelemnul
Zin
The Shining One

Shops:
D:9 (   Orc:1 :   Orc:2 *::

Portals:
Trove: D:10 (give 14 scrolls of teleportation)

Annotations:
Abyss:1 Kirke, Saint Roka, Snorg


Innate Abilities, Weirdness & Mutations

You have sharp fingernails.
You are surrounded by a mild repulsion field. (EV +2)
Your skin changes colour to match your surroundings (Stealth+).


Message History

The naga spits poison at you. You block the splash of poison.
You feel sick. The anaconda misses you. The anaconda closely misses you.
Your magical contamination has completely faded away.
As you read the scroll of teleportation, it crumbles to dust.
You feel strangely unstable.
You feel sick. The anaconda completely misses you. x2
The anaconda closely misses you. You block the anaconda's attack.
The naga spits poison at you. The splash of poison misses you.
The naga sharpshooter unwields an uncursed halberd.
The naga sharpshooter wields an uncursed runed arbalest.
The naga sharpshooter mumbles some strange words.
The naga sharpshooter magically shoots a bolt.
The bolt hits you!
* * * LOW HITPOINT WARNING * * *
You hear a shout!
You see here 2 bolts.
Unknown command.
You feel sick. You block the anaconda's attack. The anaconda bites you!!
You die...

### #(...(................#*
#.### #.........###......###.#
#...###(......)######...## #**
.....(...(.....(.## ###..#*
*,,**
..................######..,,,, ,
.....#...(..N.N.(.....# ...*,,,
.....#####....#....#### * ,
?....#####(..##(S.N.# **, **,
.......#.#.{..##@(N.## *, # ,
#............###..#..##* ..# ,,,
.#.......N..(.....###.#..... ,
..........).................,
*..........#(..#....##.......,,,
.......#(##.(..#.....)......, ,,
*##....###(#......##.....N... ,
#..............## #.....N.. ,
*#..##....#.......# *......S. ,,


You could see a naga sharpshooter, a salamander, an anaconda and a naga.

Vanquished Creatures
  A hydra (Lair:6)
  Erica (Lair:1)
  4 death yaks
  A deep troll shaman (Lair:6)
  A naga sharpshooter (Snake:1)
  A deep elf knight (Elf:1)
  Pikel (D:6)
  A hill giant (D:11)
  An orc knight (Orc:2)
  2 orc sorcerers
  A griffon (Lair:6)
  An ugly thing (D:11)
  An octopode (shapeshifter) (D:10)
  An ice statue (IceCv)
  12 elephants
  2 black mambas
  A naga mage (Snake:1)
  4 spiny frogs
  A siren (Lair:2)
  2 rime drakes (IceCv)
  5 komodo dragons
  An ice devil (Lair:4)
  2 polar bears
  21 blink frogs
  4 wyverns (Lair:5)
  20 yaks
  4 hogs
  2 hungry ghosts (D:10)
  A basilisk (Lair:4)
  4 swamp worms (Lair:4)
  3 hippogriffs
  A steam dragon (D:10)
  5 wargs
  10 water moccasins
  Duvessa (D:6)
  11 porcupines
  3 black bears
  14 ice beasts
  21 orc warriors
  A sky beast (D:7)
  A slave (D:6)
  A necrophage (D:11)
  11 wolves (Lair:6)
  6 ogres
  A phantom (D:7)
  10 centaurs (Orc:2)
  9 crocodiles
  A wyvern zombie (D:10)
  12 giant frogs
  A wyvern skeleton (D:11)
  Dowan (D:6)
  5 killer bees (D:10)
  A scorpion (D:6)
  2 troll zombies (D:10)
  4 wights (D:9)
  3 howler monkeys (D:9)
  4 crimson imps
  A wasp zombie (D:9)
  3 jellies
  4 hounds
  3 giant frog skeletons
  2 orc priests
  6 worker ants
  7 iguanas
  15 orc wizards
  3 ogre zombies (D:10)
  A hound zombie (D:8)
  A hound skeleton (D:4)
  A worker ant zombie (D:11)
  6 gnolls
  8 adders
  42 river rats
  A shadow imp (D:7)
  An ooze (D:2)
  An adder skeleton (D:6)
  13 worms
  A dart slug (D:1)
  A giant gecko (D:2)
  57 orcs
  4 giant cockroaches
  5 hobgoblins
  4 jackals (D:10)
  16 kobolds
  2 quokkas (D:6)
  A ball python (D:3)
  11 bats
  A giant gecko skeleton (D:5)
  4 giant newts
  10 goblins
  A hobgoblin skeleton (D:10)
  A hobgoblin zombie (D:10)
  A jackal zombie (D:6)
  12 orc zombies (D:10)
  6 rats
  A plant (Lair:4)
505 creatures vanquished.

Vanquished Creatures (others)
  An ice dragon (IceCv)
  A catoblepas (Lair:6)
  2 death yaks (Lair:4)
  2 orc knights
  A deep elf mage (Elf:1)
  14 elephants
  An ice statue (IceCv)
  2 spiny frogs (Lair:3)
  2 komodo dragons
  An ice devil (Lair:4)
  A polar bear (Lair:6)
  A merfolk (Lair:4)
  A two-headed ogre (Orc:2)
  2 hungry ghosts
  10 yaks
  2 hippogriffs
  A naga (Snake:1)
  2 swamp worms (Lair:4)
  A warg (Orc:2)
  3 water moccasins
  A phantom (D:10)
  5 orc warriors
  3 slaves (D:6)
  3 ice beasts (IceCv)
  A wolf (Lair:6)
  An ogre (D:8)
  3 centaurs
  A crocodile (Lair:6)
  An earth elemental (Elf:1)
  A big kobold (D:10)
  A giant frog (Lair:3)
  A crimson imp (D:5)
  A gnoll shaman (D:6)
  An orc priest (Orc:2)
  2 orc wizards
  A hound (D:7)
  A centaur skeleton (D:4)
  3 iguanas
  An ogre zombie (D:10)
  2 adders (D:2)
  8 river rats
  A shadow imp (D:9)
  3 worms (Lair:4)
  An orc (D:5)
  4 orc zombies (D:10)
  35 fungi
  21 plants
158 creatures vanquished.

Grand Total: 663 creatures vanquished

Notes
Turn   | Place    | Note
-------+----------+-------------------------------------------
     0 | D:1      | Amnesiac the Deep Elf Wizard began the quest for the Orb.
     0 | D:1      | Reached XP level 1. HP: 10/10 MP: 7/7
   194 | D:2      | Found a stormy altar of Qazlal.
   194 | D:2      | Found a glowing silver altar of Zin.
   194 | D:2      | Found an iron altar of Okawaru.
   195 | D:2      | Found a bloodstained altar of Trog.
   270 | D:2      | Reached XP level 2. HP: 15/15 MP: 5/9
   283 | D:1      | Learned a level 2 spell: Repel Missiles
   286 | D:1      | Learned a level 2 spell: Blink
   666 | D:3      | Reached XP level 3. HP: 19/19 MP: 7/11
   675 | D:3      | Learned a level 3 spell: Mephitic Cloud
   679 | D:3      | Learned a level 3 spell: Conjure Flame
  1144 | D:4      | Reached XP level 4. HP: 21/24 MP: 5/12
  1312 | D:4      | Reached skill level 5 in Conjurations
  1312 | D:4      | Reached XP level 5. HP: 21/28 MP: 7/13
  1369 | D:4      | Noticed an ogre
  1409 | D:4      | Killed an ogre
  1409 | D:4      | Reached skill level 5 in Spellcasting
  1587 | D:4      | Noticed an ogre
  1603 | D:4      | Killed an ogre
  1603 | D:4      | Reached XP level 6. HP: 32/32 MP: 4/16
  2234 | D:5      | Entered Level 5 of the Dungeon
  2313 | D:5      | Reached skill level 1 in Polearms
  3168 | D:5      | Found a snail-covered altar of Cheibriados.
  3289 | D:5      | Reached XP level 7. HP: 36/36 MP: 17/17
  3304 | D:5      | Reached skill level 1 in Shields
  3676 | D:6      | Noticed Pikel
  3727 | D:6      | Killed Pikel
  3727 | D:6      | Reached XP level 8. HP: 38/41 MP: 12/18
  3913 | D:6      | Noticed Dowan
  3914 | D:6      | Noticed Duvessa
  3920 | D:6      | Killed Dowan
  3975 | D:6      | Found a hazy altar of Hepliaklqana.
  4102 | D:6      | Found a staircase to the Ecumenical Temple.
  4112 | Temple   | Entered the Ecumenical Temple
  4290 | Temple   | Became a worshipper of Ashenzari the Shackled
  4794 | D:6      | Killed Duvessa
  5049 | D:6      | Reached skill level 5 in Polearms
  5137 | D:1      | Found a sparkling altar of Nemelex Xobeh.
  6546 | D:5      | Identified the +6 trident of True Grit {freeze, Str+2 SInv}
  6818 | D:7      | Reached * piety under Ashenzari
  6911 | D:7      | Reached XP level 9. HP: 45/45 MP: 19/19
  7265 | D:8      | Found a staircase to the Lair.
  7838 | Lair:1   | Entered Level 1 of the Lair of Beasts
  8078 | Lair:1   | Noticed Erica
  8094 | Lair:1   | Killed Erica
  8247 | Lair:1   | Reached ** piety under Ashenzari
  8484 | Lair:1   | Noticed a black mamba
  8511 | Lair:1   | Killed a black mamba
  8511 | Lair:1   | Reached XP level 10. HP: 5/50 MP: 11/20
  8867 | Lair:1   | Reached skill level 5 in Dodging
  9080 | D:9      | Found Elamaet's Antique Weapon Emporium.
  9825 | D:10     | Entered Level 10 of the Dungeon
  9875 | D:10     | Noticed an octopode
  9890 | D:10     | Killed an octopode
 10023 | D:10     | Found a staircase to the Orcish Mines.
 10279 | D:10     | Learned a level 3 spell: Spectral Weapon
 10283 | D:10     | Learned a level 3 spell: Regeneration
 10295 | D:10     | Identified the cursed +0 long sword of Terror {flame, Fragile rPois rN+ Str+4}
 10318 | D:10     | Reached skill level 1 in Charms
 10343 | D:10     | Found a portal to a secret trove of treasure.
 10391 | D:10     | Reached *** piety under Ashenzari
 10851 | D:10     | Reached skill level 1 in Fighting
 10989 | D:11     | Noticed a hill giant
 11008 | D:11     | Killed a hill giant
 11008 | D:11     | Reached skill level 2 in Fighting
 11064 | D:11     | Reached XP level 11. HP: 57/58 MP: 18/21
 11095 | D:11     | Noticed a red ugly thing
 11102 | D:11     | Killed a red ugly thing
 11102 | D:11     | Reached skill level 3 in Fighting
 11110 | D:11     | Gained mutation: You have sharp fingernails. [mutagenic meat]
 11113 | D:11     | Gained mutation: You are surrounded by a mild repulsion field. (EV +2) [mutagenic meat]
 11116 | D:11     | Gained mutation: Your skin changes colour to match your surroundings (Stealth+). [mutagenic meat]
 11367 | Lair:2   | Found a staircase to the Snake Pit.
 11447 | Lair:2   | Identified the +1 flail of Nitiullocw {vamp, Int+2}
 11477 | Lair:2   | Reached **** piety under Ashenzari
 11553 | Lair:2   | Reached skill level 4 in Fighting
 11742 | Lair:2   | Reached skill level 5 in Fighting
 11958 | Lair:2   | Found a staircase to the Shoals.
 12425 | Lair:3   | Reached skill level 6 in Fighting
 12596 | Lair:3   | Identified a scroll of acquirement
 12737 | Lair:3   | Reached skill level 7 in Fighting
 12761 | Lair:3   | Reached ***** piety under Ashenzari
 13050 | Lair:3   | Reached skill level 8 in Fighting
 13462 | Lair:4   | Found a frozen archway.
 13491 | IceCv    | Entered an ice cave
 13584 | IceCv    | Reached XP level 12. HP: 75/75 MP: 22/22
 13733 | IceCv    | Reached skill level 9 in Fighting
 13868 | IceCv    | Noticed an ice dragon
 13874 | IceCv    | Noticed an ice dragon
 13964 | IceCv    | Identified the ring "Woext" {Ice MR+ Dex-4 Slay+4}
 13970 | IceCv    | Banished an ice dragon
 14318 | Lair:4   | Reached skill level 10 in Fighting
 14485 | Lair:4   | Noticed a death yak
 14485 | Lair:4   | Noticed a death yak
 14485 | Lair:4   | Noticed a death yak
 14485 | Lair:4   | Noticed a death yak
 14485 | Lair:4   | Noticed a death yak
 14503 | Lair:4   | Killed a death yak
 14587 | Lair:4   | Banished a death yak
 14629 | Lair:4   | Reached skill level 11 in Fighting
 15009 | Lair:4   | Banished a death yak
 15014 | Lair:4   | Killed a death yak
 15367 | Lair:4   | Reached skill level 12 in Fighting
 15426 | Lair:4   | Identified Daer's Papyrus of Torrid Dislocation
 15483 | Lair:4   | Banished a death yak
 15483 | Lair:4   | Reached XP level 13. HP: 60/86 MP: 23/23
 15738 | Lair:5   | Noticed Kirke
 15738 | Lair:5   | Noticed Snorg
 15744 | Lair:4   | Banished Kirke
 15782 | Lair:5   | Banished Snorg
 16266 | D:4      | Got the uncursed robe of Dooptova {rElec rPois rN+ MR+}
 16277 | D:4      | Identified the +1 robe of Dooptova {rElec rPois rN+ MR+} (You took it off an orc on level 4 of the Dungeon)
 16770 | Lair:4   | Reached skill level 13 in Fighting
 17318 | Lair:6   | Entered Level 6 of the Lair of Beasts
 17545 | Lair:6   | Found a staircase to the Slime Pits.
 18114 | Lair:6   | Reached ****** piety under Ashenzari
 18737 | Lair:6   | Identified Osued's Almanac of Transformation and Heat
 18760 | Lair:6   | Learned a level 6 spell: Bolt of Fire
 18769 | Lair:6   | Learned a level 8 spell: Controlled Blink
 18775 | Lair:6   | Reached skill level 14 in Fighting
 19151 | Orc:1    | Entered Level 1 of the Orcish Mines
 19467 | Orc:1    | Found Gurch's Book Shoppe.
 19750 | Orc:2    | Entered Level 2 of the Orcish Mines
 20114 | Orc:2    | Found a staircase to the Elven Halls.
 20275 | Orc:2    | Reached XP level 14. HP: 88/96 MP: 27/29
 20663 | Orc:2    | Noticed Saint Roka
 20956 | Orc:2    | Reached skill level 5 in Translocations
 21039 | Orc:2    | Found Pila Una's Book Boutique.
 21039 | Orc:2    | Found Korot's Antique Armour Emporium.
 21041 | Orc:2    | Found Coeweant's Book Shoppe.
 21043 | Orc:2    | Found Sogarala's General Store.
 21051 | Orc:2    | Bought a scroll of enchant armour for 82 gold pieces
 21368 | Orc:2    | Banished Saint Roka
 21389 | Elf:1    | Entered Level 1 of the Elven Halls
 21818 | Snake:1  | Entered Level 1 of the Snake Pit
 21884 | Snake:1  | Reached skill level 5 in Fire Magic
 22103 | Snake:1  | Slain by an anaconda

Vault maps used:
D:1:      dpeg_arrival_orchard, nemelex_xobeh_ov_fountains_minmay
D:2:      grunt_temple_overflow_open, kennysheep_generic_room_13
D:3:      first_bread
D:5:      cheibriados_altar_1
D:6:      old_standard_altar, uniq_pikel, uniq_duvessa
D:8:      due_lair_maze_entry_diamond
D:9:      serial_shops, nicolae_shop_overgrown_old_shop
D:10:     zombieorc1_lemuel, enter_trove_3, grunt_pizzeria
D:11:     basic_altar, minmay_misc_feat_secret_circle, uniq_urug
Temple:   eino_temple_scatter_basement
Lair:1:   uniq_erica
Lair:2:   elwin_shoals_entry_stream, dummy_snake_entry
Lair:3:   serial_forest, infiniplex_forest_straight_2,
          infiniplex_forest_clump_medium, infiniplex_forest_clump_small,
          infiniplex_forest_clump_small, infiniplex_forest_clump_double,
          infiniplex_forest_lined_2, infiniplex_forest_corner_1,
          infiniplex_forest_corner_1, beast_lair_carwin_4
Lair:4:   portal_ice_cave_demonic_guard, worms_lemuel, grunt_megastairs_2,
          lemuel_fruit_tree
Lair:5:   beast_lair_carwin_9, uniq_kirke, uniq_snorg
Lair:6:   grunt_lair_end_beastmaster, dpeg_slime_entry_corner,
          infiniplex_staircase_pool_2
Orc:1:    serial_shops, shop_statue
Orc:2:    st_orc_rangers, uniq_saint_roka
Elf:1:    basic_altar, portal_desolation_entry_holy_temple, uniq_roxanne
IceCv:    ice_cave_small_dragons

Skill      XL: |  1  2  3  4  5  6  7  8  9 10 11 12 13 14 |
---------------+-------------------------------------------+-----
Conjurations   | 2 3 4 5 6 |  6.6
Spellcasting   | 5 9 |  9.0
Polearms       | 2 5 8 9 |  9.0
Shields        | 4 |  4.7
Dodging        | 9 |  9.2
Charms         | 4 |  4.2
Fighting       | 2 8 12 14 | 14.2
Translocations | 2 5 |  5.0
Fire Magic     | 5 |  5.4
Stealth        | |  2.4
Summonings     | |  1.1

Action                   |  1- 3 |  4- 6 |  7- 9 | 10-12 | 13-15 || total
-------------------------+-------+-------+-------+-------+-------++-------
Melee: Spear             |       |    62 |   480 |  1676 |  1364 ||  3582
 Cast: Magic Dart        |    75 |    56 |       |       |       ||   131
       Repel Missiles    |     1 |     1 |       |     2 |     8 ||    12
       Conjure Flame     |     1 |       |     6 |    25 |     2 ||    34
       Mephitic Cloud    |       |     3 |     6 |    10 |    18 ||    37
       Blink             |       |       |     3 |    10 |    10 ||    23
       Regeneration      |       |       |       |    11 |    16 ||    27
Invok: Curse Item        |       |       |     4 |     3 |     4 ||    11
Evoke: Wand              |       |       |       |       |     2 ||     2
  Use: Scroll            |       |     6 |     8 |    13 |     7 ||    34
       Potion            |       |       |       |     5 |     4 ||     9
 Stab: Sleeping          |       |     3 |    12 |    26 |    11 ||    52
       Distracted        |       |       |     2 |     3 |     8 ||    13
       Confused          |       |       |     1 |     9 |    13 ||    23
       Invisible         |       |       |       |     8 |     9 ||    17
  Eat: Chunk             |       |     3 |    12 |    25 |    23 ||    63
       Bread ration      |       |     1 |     1 |     1 |       ||     3
       Pizza             |       |       |       |     1 |       ||     1
Armor: Robe              |     4 |    10 |    49 |    76 |    79 ||   218
Dodge: Dodged            |     2 |    34 |   115 |   337 |   413 ||   901
       Deflected         |       |     3 |     3 |     2 |    26 ||    34
Block: Buckler           |       |       |    87 |   198 |   240 ||   525
